 Dungeon Crawl Stone Soup version 0.22-a0-443-g17c3723 (webtiles) character file.

38 4thArraOfDagon the Chopper (level 3, -9/34 HPs)
             Began as a Deep Dwarf Berserker on June 1, 2018.
             Was a Follower of Trog.
             Mangled by Verendum's ghost (14 damage)
             ... on level 3 of the Dungeon.
             The game lasted 00:01:01 (159 turns).

4thArraOfDagon the Chopper (Deep Dwarf Berserker)    Turns: 159, Time: 00:01:01

Health: -9/34      AC:  5    Str: 21    XL:     3   Next: 25%
Magic:  3/3        EV: 12    Int:  7    God:    Trog [*.....]
Gold:   7          SH:  0    Dex: 12    Spells: 2/2 levels left

rFire    . . .     SeeInvis .   a - +0 hand axe
rCold    . . .     Gourm    .   (no shield)
rNeg     . . .     Faith    .   d - +0 ring mail
rPois    .         Spirit   .   (no helmet)
rElec    .         Reflect  .   (no cloak)
rCorr    .         Harm     .   (no gloves)
MR       .....                  (no boots)
Stlth    +.........             (no amulet)
HPRegen  0.00/turn              (no ring)
MPRegen  0.08/turn              (no ring)

@: berserk cooldown, non-regenerating, slowed, very slow
A: damage resistance, heal wounds, sense surroundings 1, no regeneration
a: Heal Wounds, Berserk, Renounce Religion


You were on level 3 of the Dungeon.
You worshipped Trog.
Trog was aware of your devotion.
You were not hungry.

You visited 1 branch of the dungeon, and saw 4 of its levels.

You collected 7 gold pieces.

Inventory:

Hand Weapons
 a - a +0 hand axe (weapon)
Armour
 b - a +0 animal skin
 d - a +0 ring mail (worn)
Comestibles
 c - a ration


   Skills:
 + Level 3.0 Fighting
 * Level 4.0 Axes
 + Level 2.6 Armour
 + Level 2.6 Dodging


You had 2 spell levels left.
You didn't know any spells.
Your spell library was empty.

Dungeon Overview and Level Annotations

Branches:
Dungeon (4/15)
 Temple: D:4-7

Altars:

Annotations:
D:3 Verendum's ghost, amateur GrFi


Innate Abilities, Weirdness & Mutations

You are resistant to damage.
You can heal yourself by infusing magical energy.
You passively map a small area around you.
You do not regenerate.


Message History

There is a stone staircase leading down here.
Verendum's ghost barely misses you.
Verendum's ghost hits you but does no damage.
You climb downwards.
A quokka, a worker ant and 2 ogres come into view.
The ogre shouts! x2; You hear a loud, deep croak!
Found 14 gold pieces and a robe.
There is a stone staircase leading up here.
Unknown command.
It was a potion of heal wounds.
You feel much better.
A bullfrog comes into view.
The bullfrog moves out of view.
Unknown command.
The ogre hits you with a giant spiked club!
You climb upwards.
Level annotation: Verendum's ghost, amateur GrFi Verendum's ghost hits you!
* * * LOW HITPOINT WARNING * * *
Verendum's ghost hits you!
You die...

* #.#.<........†)####..#
,
,#...#########(..)....#*
, ##### ##.#####.# , ,*
#.# #.# * #.# * *, #.#*
, * #.# , * #@#,* *
#W....# * , ,,....###.#
, * *###.## , ** #. * ,
#.** * !. , ..* ,


You could see Verendum's ghost.

Vanquished Creatures
  An orc wizard (D:3)
  3 orcs (D:3)
  A goblin (D:3)
  A kobold (D:3)
6 creatures vanquished.

Notes
Turn   | Place    | Note
-------+----------+-------------------------------------------
     0 | D:1      | 4thArraOfDagon the Deep Dwarf Berserker began the quest for the Orb.
     0 | D:1      | Reached XP level 1. HP: 20/20 MP: 1/1
   116 | D:3      | Noticed an orc wizard
   133 | D:3      | Reached XP level 2. HP: 27/27 MP: 2/2
   137 | D:3      | Reached skill level 4 in Axes
   137 | D:3      | Reached XP level 3. HP: 34/34 MP: 3/3
   140 | D:3      | Noticed Verendum's ghost (amateur GrFi)
   156 | D:4      | Noticed an ogre
   156 | D:4      | Noticed an ogre
   157 | D:4      | Noticed a bullfrog
   159 | D:3      | Mangled by Verendum's ghost

Vault maps used:
D:1:      lightli_arrival_maybe_door_vault
D:2:      minmay_close_crescents, uniq_terence
D:3:      uniq_robin
D:4:      serial_shops, shop, serial_bayou_lagoon_b, uniq_ijyb

Skill      XL: |  1  2 |
---------------+-------+-----
Fighting       | 3 |  3.0
Axes           | 4 |  4.0
Armour         | |  2.6
Dodging        | |  2.6

Action                   || total
-------------------------++-------
Melee: Hand axe          ||    12
Invok: Berserk           ||     1
  Use: Potion            ||     1
Armor: Ring mail         ||     6
Dodge: Dodged            ||    12

Table legend:
 A = Spawn XP
 B = Non-spawn XP
 C = Spawn XP percentage of total XP
 D = Spawn monster count
 E = Non-spawn monster count
 F = Spawn count percentage of total count
 G = Total turns spent on level
                    A         B        C        D         E        F      G
               +---------+---------+-------+---------+---------+-------+---------
         Total |       0 |      55 |   0.0 |       0 |       6 |   0.0 |   159
               +---------+---------+-------+---------+---------+-------+---------
           D:3 |       0 |      55 |   0.0 |       0 |       6 |   0.0 |    87
               +---------+---------+-------+---------+---------+-------+---------
